 Dungeon Crawl Stone Soup version 0.21.1-1-g345015f (webtiles) character file.

58 Fang the Skirmisher (level 4, -3/43 HPs)
             Began as a Gargoyle Berserker on June 5, 2018.
             Was a Believer of Trog.
             Slain by an iron imp (8 damage)
             ... summoned by Natasha
             ... on level 2 of the Dungeon.
             The game lasted 00:01:34 (1195 turns).

Fang the Skirmisher (Gargoyle Berserker)            Turns: 1195, Time: 00:01:35

Health: -3/43      AC:  5    Str: 26    XL:     4   Next: 1%
Magic:  4/4        EV: 12    Int:  8    God:    Trog [**....]
Gold:   92         SH:  0    Dex:  9    Spells: 3/3 levels left

rFire    . . .     SeeInvis .   a - +0 hand axe
rCold    . . .     Gourm    .   (no shield)
rNeg     + . .     Faith    .   b - +0 animal skin
rPois    ∞         Spirit   .   (no helmet)
rElec    +         Reflect  .   (no cloak)
rCorr    .         Harm     .   (no gloves)
MR       .....                  (no boots)
Stlth    ..........             (no amulet)
HPRegen  0.14/turn              (no ring)
MPRegen  0.09/turn              (no ring)

@: berserking, slowed
A: negative energy resistance 1, electricity resistance, unbreathing,
petrification resistance, rot immunity, AC +3
a: Berserk, Trog's Hand, Burn Spellbooks, Renounce Religion


You were on level 2 of the Dungeon.
You worshipped Trog.
Trog was pleased with you.
You were very hungry.

You visited 1 branch of the dungeon, and saw 2 of its levels.

You collected 92 gold pieces.

Inventory:

Hand Weapons
 a - a +0 hand axe (weapon)
Armour
 b - a +0 animal skin (worn)
Potions
 d - a potion of haste {unknown}
Comestibles
 c - 3 rations


   Skills:
 + Level 4.2 Fighting
 + Level 3.4 Axes
 + Level 2.2 Armour
 + Level 2.0 Dodging


You had 3 spell levels left.
You didn't know any spells.

Dungeon Overview and Level Annotations

Branches:
Dungeon (2/15)

Altars:

Annotations:
D:2 Natasha


Innate Abilities, Weirdness & Mutations

You are resistant to torment.
Your stone body is resilient. (AC +3)
You are immune to poison.
You resist negative energy. (rN+)
You are resistant to electric shocks. (rElec)
You can survive without breathing.
You are immune to petrification.
You are immune to rotting.


Message History

The iron imp shouts!
Natasha mumbles some strange words.
Natasha glows brightly for a moment.
All of the chunks of flesh in your inventory have rotted away.
Okay, then.
A red film seems to cover your vision as you go berserk!
You feel yourself moving faster!
You feel mighty!
You are feeling very hungry.
Natasha completely misses you.
You barely miss Natasha.
Natasha stares at you and mumbles some strange words.
The magic dart hits you!
* * * LOW HITPOINT WARNING * * *
You barely miss Natasha. Natasha claws you!
* * * LOW HITPOINT WARNING * * *
You miss Natasha. Natasha barely misses you.
You hit Natasha.
Natasha is moderately wounded.
You hit the iron imp. Natasha barely misses you. The iron imp hits you!
You die...

# #.#### #######.#..
........#.#######
#########.##.....
..............)..
#######.#.##.#..####
# #.#.# ..?.
#†#.######.######.
#.#......h@.......
#.....#####5######
####(####.#...
#.)).h.#.###
#######.#.####.
.............w.
##.#..#.#..###.
#..#.#...# ##.#.##.#
#.#


You could see an iron imp and Natasha.

Vanquished Creatures
  Natasha (D:2)
  2 worms (D:2)
  A giant cockroach (D:1)
  6 goblins
  2 hobgoblins
  6 jackals (D:1)
  4 bats
  3 kobolds
  A rat (D:2)
26 creatures vanquished.

Notes
Turn   | Place    | Note
-------+----------+-------------------------------------------
     0 | D:1      | Fang the Gargoyle Berserker began the quest for the Orb.
     0 | D:1      | Reached XP level 1. HP: 14/14 MP: 1/1
   303 | D:1      | Reached XP level 2. HP: 17/19 MP: 2/2
   879 | D:2      | Reached ** piety under Trog
   899 | D:2      | Reached XP level 3. HP: 20/24 MP: 3/3
   954 | D:2      | Reached skill level 4 in Fighting
   987 | D:2      | Noticed Natasha
   993 | D:2      | HP: 1/36 [Natasha (8)]
   995 | D:2      | Killed Natasha
   995 | D:2      | Reached XP level 4. HP: 2/29 MP: 4/4
  1161 | D:2      | Noticed Natasha
  1195 | D:2      | Slain by an iron imp

Skill      XL: |  1  2  3 |
---------------+----------+-----
Axes           | 3 |  3.4
Fighting       | 4 |  4.2
Dodging        | 2 |  2.0
Armour         | |  2.2

Action                   |  1- 3 |  4- 6 || total
-------------------------+-------+-------++-------
Melee: Hand axe          |   104 |     4 ||   108
Invok: Berserk           |     2 |     1 ||     3
  Eat: Chunk             |     1 |     2 ||     3
Armor: Animal skin       |    41 |       ||    41
Dodge: Dodged            |   100 |     3 ||   103
